TKirby, chaotic male elven Wizard ----------- ..........| |....<....| ..........| |..........## -----.----- ## # ## # ### # # ## ### # ## ------ # ###--------r------ |.....############-.......@.....| |....|# # |...........f.| |....|# ............... |....|# |.............| |.....# --------------- ------ TKirby the Conjurer Experience level: 3 Strength: 9 Dexterity: 11 Constitution: 16 Intelligence: 20 Wisdom: 11 Charisma: 11 Health: 0(24) Energy: 16(31) Def: 4 Gold: 275 Moves: 2085 Dungeon seed: LxNsNZ3OIdj-bPqY Game ID: TKirby_1507136509 Your Inventory: Coins $ - 275 gold pieces Amulets C - an uncursed amulet of unchanging (being worn) Weapons a - a blessed +1 quarterstaff (alternate weapon; not wielded) o - a +0 orcish dagger (weapon in hand) Armor e - an uncursed +0 cloak of magic resistance (being worn) q - an uncursed +0 studded leather armor (being worn) Scrolls j - an uncursed scroll of teleportation k - an uncursed scroll of confuse monster p - an uncursed scroll of identify u - an uncursed scroll of enchant armor Spellbooks l - a blessed spellbook of force bolt m - an uncursed spellbook of cure blindness s - an uncursed spellbook of fireball Potions f - an uncursed potion of see invisible g - an uncursed potion of speed h - an uncursed potion of invisibility A - an uncursed potion of fruit juice B - an uncursed potion of gain ability E - an uncursed potion of healing Rings c - an uncursed ring of protection from shape changers d - an uncursed ring of conflict Wands b - a wand of cancellation (0:7) x - a wand of undead turning (0:5) Tools n - an uncursed wooden harp Spells and supernatural/magical abilities: Name Level Category Fail Memory a - force bolt 1 attack 0% 90% f - fireball 4 attack 56% 93% B - cure blindness 2 healing 39% 90% W - pray for help -- divine ? -- Your skills at the end: Fighting Skills Weapon Skills dagger [Basic] quarterstaff [Basic] Spellcasting Skills attack spells [Basic] enchantment spells [Basic] Final Attributes: You were piously aligned. You were magic-protected. You had infravision. You could not change from your current form. You are dead. Vanquished creatures: a giant bat an iguana 3 acid blobs a gas spore 3 giant rats a yellow mold 3 geckos 4 jackals a fox a kobold a goblin 6 grid bugs a bat 2 lichens a kobold zombie 7 newts 37 creatures vanquished. Voluntary challenges: You had followed a strict vegetarian diet until turn 1976. You had been an atheist until turn 2057. You used a wielded weapon 46 times, starting on turn 111. You read items or engraved 14 times, starting on turn 496. You never genocided any monsters. You never polymorphed an object. You never changed form. You used no wishes. You never split a pudding. You never wrote Elbereth's name. You never violated your personal moral code. Dungeon overview: The Dungeons of Doom: levels 1 to 4 Level 1 a fountain a long staircase Level 2 a fountain Level 3 a general store a long staircase Level 4 <- You were here an altar to Thoth History has recorded: On T:1 you entered the Dungeons of Doom to retrieve the Amulet of Yendor! On T:655 you reached level 2 of The Dungeons of Doom. On T:770 you advanced to experience level 2. On T:1136 you advanced to experience level 3. On T:1287 you reached level 3 of The Dungeons of Doom. On T:1940 you reached level 4 of The Dungeons of Doom. Score breakdown: Gold: 275 ( 8303 points) Experience: 3 levels ( 7878 points) Exploration: 4 levels ( 8.16%) ( 7500 points) Discoveries: 1 item ( 0.36%) ( 1805 points) Valuables value: (no points given unless you survive) Artifact value: 0 ( 0 points) Variety of kills: 16 monsters ( 4.20%) ( 6147 points) Turncount: 2085 turns ( -62 points) Survival: died (score multiplied by 80%) Total score: 25256 Latest messages: The giant bat bites! The giant rat bites! The giant bat bites! You miss the giant bat. The giant bat bites! The giant rat bites! The giant bat just misses! The giant bat bites! The spell hits the giant bat! You kill the giant bat! The spell misses the giant rat. The spell misses the giant rat. You hit the giant rat. The giant rat bites! You miss the giant rat. The giant rat bites! The spell misses the giant rat. The giant rat bites! You die... Final status: Goodbye TKirby the Wizard, killed by a giant rat... You died in The Dungeons of Doom on dungeon level 4 with 25256 points, and 275 pieces of gold, after 2085 moves. You were level 3 with a maximum of 24 hit points when you died.